 Dungeon Crawl Stone Soup version 0.26-a0-639-g72c4674329 (webtiles) character file.

Game seed: 6293713336619284691

18239 Hastur the Fighter (level 12, -1/112 HPs)
             Began as a Black Draconian Conjurer on Sept 18, 2020.
             Was an Elder of Sif Muna.
             Slain by a seven-headed hydra (9 damage)
             ... on level 2 of the Lair of Beasts.
             The game lasted 01:17:42 (19590 turns).

Hastur the Fighter (Black Draconian Conjurer)      Turns: 19590, Time: 01:17:43

Health: -1/112     AC: 11    Str: 10    XL:     12   Next: 26%
Magic:  16/24      EV: 12    Int: 23    God:    Sif Muna [****..]
Gold:   854        SH:  4    Dex: 10    Spells: 17/28 levels left

rFire    . . .     SeeInvis .   b - +1 short sword (elec)
rCold    + . .     Faith    .   A - +0 buckler
rNeg     . . .     Spirit   .   (armour unavailable)
rPois    .         Reflect  .   (helmet restricted)
rElec    +         Harm     .   (no cloak)
rCorr    .         Rampage  .   v - +1 pair of gloves
MR       .....                  x - +0 pair of boots
Stlth    ++........             H - amulet of the acrobat
HPRegen  0.28/turn              o - ring of protection from cold
MPRegen  0.19/turn              (no ring)

@: no status effects
A: breathe lightning, unfitting armour, electricity resistance, cold-blooded, AC
+8
a: Breathe Lightning, Channel Magic, Forget Spell, Divine Exegesis, Renounce
Religion


You were on level 2 of the Lair of Beasts.
You worshipped Sif Muna.
Sif Muna was greatly pleased with you.
You visited 3 branches of the dungeon, and saw 16 of its levels.
You also visited: Volcano.

You collected 854 gold pieces.

Inventory:

Hand Weapons
 a - a +3 dagger of venom
   (You took it off a hobgoblin on level 1 of the Dungeon)
 b - a +1 short sword of electrocution (weapon)
   (You took it off a kobold on level 1 of the Dungeon)
 l - the +6 war axe "Xoquximn" {freeze, Int+5}
   (You found it on level 4 of the Dungeon)

   It has been specially enchanted to freeze those struck by it, causing extra
   injury to most foes and up to half again as much damage against particularly
   susceptible opponents.
   It can also slow down cold-blooded creatures.
   It affects your intelligence (+5).
 F - a +1 scimitar of flaming
   (You took it off a hell knight in a volcano)
Missiles
 G - 46 poisoned darts (quivered)
Armour
 v - a +1 pair of gloves (worn)
   (You found it on level 5 of the Dungeon)
 x - a +0 pair of boots (worn)
   (You found it on level 7 of the Dungeon)
 A - a +0 buckler (worn)
   (You found it on level 8 of the Dungeon)
Magical Staves
 w - an uncursed staff of earth
   (You found it on level 7 of the Dungeon)
Jewellery
 e - an uncursed amulet of regeneration
   (You found it on level 4 of the Dungeon)
 n - an uncursed amulet of reflection
   (You took it off a kobold on level 1 of the Dungeon)
 o - a ring of protection from cold (left hand)
   (You found it on level 8 of the Dungeon)
 D - an uncursed amulet of guardian spirit
   (You found it on level 1 of the Lair of Beasts)
 H - an amulet of the acrobat (around neck)
   (You found it on level 10 of the Dungeon)
Wands
 d - a wand of iceblast (15)
   (You took it off Ijyb on level 4 of the Dungeon)
 p - a wand of enslavement (12)
   (You found it on level 6 of the Dungeon)
 t - a wand of flame (12)
   (You found it on level 5 of the Dungeon)
 u - a wand of paralysis (14)
   (You found it on level 2 of the Dungeon)
Scrolls
 f - 4 scrolls of remove curse {@r2}
 g - 3 scrolls of fear
 i - a scroll of amnesia
 k - 5 scrolls of enchant armour
 m - 5 scrolls of teleportation {@r4}
 r - 3 scrolls of enchant weapon
 y - 2 scrolls of magic mapping
 J - a scroll of fog
 K - a scroll of random uselessness {unknown}
 L - 3 scrolls of acquirement {unknown}
 M - a scroll of identify {@r1}
Potions
 c - 3 potions of curing {@q1}
 h - 5 potions of lignification {!q}
 j - 6 potions of degeneration {!q}
 q - 6 potions of berserk rage
 s - a potion of cancellation {unknown}
 z - 2 potions of stabbing {unknown}
 B - 2 potions of resistance {unknown}
 C - 3 potions of mutation {!q}
 E - a potion of heal wounds {@q2}
 I - a potion of might {unknown}


   Skills:
 - Level 12.0 Fighting
 - Level 1.7 Dodging
 - Level 1.7 Stealth
 - Level 4.0 Shields
 + Level 8.5 Spellcasting
 - Level 10.0 Conjurations
 - Level 5.0 Hexes
 - Level 5.0 Translocations
 + Level 8.1 Invocations


You had 17 spell levels left.
You knew the following spells:

 Your Spells              Type           Power        Failure   Level
a - Magic Dart            Conj           ####         1%          1
b - Searing Ray           Conj           ######       1%          2
c - Iskenderun's Mystic   Conj/Tloc      #####...     3%          4
z - Fulminant Prism       Conj/Hex       #####.....   3%          4

Your spell library contained the following spells:

 Spells                   Type           Power        Failure   Level
 Apportation              Tloc           ####..       1%          1
 Corona                   Hex            ####...      1%          1
 Blink                    Tloc           N/A          1%          2
 Slow                     Hex            ####....     1%          2
 Dazzling Flash           Conj/Hex       #####.       1%          3
 Conjure Flame            Conj/Fire      ####....     2%          3
 Stone Arrow              Conj/Erth      ####..       2%          3
 Mephitic Cloud           Conj/Pois/Air  ####....     4%          3
 Animate Skeleton         Necr           #.....       7%          1
 Pain                     Necr           #...         7%          1
 Sandblast                Erth           #.....       7%          1
 Summon Small Mammal      Summ           #...         7%          1
 Call Imp                 Summ           #.......     10%         2
 Passwall                 Tmut/Erth      #.......     10%         2
 Vampiric Draining        Necr           #.........   21%         3
 Animate Dead             Necr           #.........   54%         4
 Petrify                  Tmut/Erth      #.......     54%         4
 Agony                    Necr           #.......     88%         5
 Lee's Rapid Deconstruct  Erth           #.........   88%         5


Dungeon Overview and Level Annotations

Branches:
Dungeon (12/15)            Temple (1/1) D:7            Lair (3/6) D:9
    Orc (0/2) D:9         Volcano (visited)
  Swamp: Lair:2-4    Shoals: Lair:2-4     Snake: Lair:2-4    Spider: Lair:2-4

Altars:
Ashenzari
Cheibriados
Dithmenos
Elyvilon
Fedhas
Gozag
Hepliaklqana
Kikubaaqudgha
Makhleb
Nemelex Xobeh
Okawaru
Qazlal
Ru
Sif Muna
Trog
Uskayaw
Vehumet
Wu Jian
Xom
Yredelemnul
Zin
The Shining One

Shops:
D:12 ?

Annotations:
D:8 5 runed translucent doors


Innate Abilities, Weirdness & Mutations

You can breathe wild blasts of lightning.
Your glossy black scales are hard. (AC +8)
You cannot fit into any form of body armour.
You are resistant to electric shocks. (rElec)
You are cold-blooded and may be slowed by cold attacks.


Message History

The seven-headed hydra misses you. x2; The seven-headed hydra bites you!
The bullfrog snags a nearby baby bat with its tongue.
You miscast Fulminant Prism.
You are very lightly contaminated with residual magic.
Nothing appears to happen.
The bullfrog hits you but does no damage.
You conjure a prism of explosive energy!
A fulminant prism comes into view.
The bullfrog snags a nearby mouse with its tongue.
You hear a loud crackle.
You hear an explosion!
The blast of energy engulfs the bullfrog!!
You kill the bullfrog!
Sif Muna accepts your kill.
The blast of energy engulfs the blink frog!!
The blink frog blinks!
There is a stone staircase leading up here.
The blink frog blinks!
Your magical contamination has completely faded away.
The seven-headed hydra bites you but does no damage. x2
The seven-headed hydra bites you.
The seven-headed hydra completely misses you. x2
You block the seven-headed hydra's attack.
The seven-headed hydra barely misses you.
The blink frog blinks!
You hit the blink frog. The blink frog hits you.
* * * LOW HITPOINT WARNING * * *
The blink frog blinks!
The seven-headed hydra bites you but does no damage. x2
The seven-headed hydra barely misses you.
The seven-headed hydra bites you.
* * * LOW HITPOINT WARNING * * *
The seven-headed hydra bites you but does no damage.
The seven-headed hydra bites you!
* * * LOW HITPOINT WARNING * * *
The seven-headed hydra bites you!
* * * LOW HITPOINT WARNING * * *
The blink frog hits you.
* * * LOW HITPOINT WARNING * * *
The blink frog blinks!
You erupt in a blast of force!
The mystic blast hits the blink frog!
You kill the blink frog!
Sif Muna accepts your kill.
The mystic blast hits the fungus!!
The fungus begins to die.
The mystic blast hits the seven-headed hydra!
The seven-headed hydra bites you!
* * * LOW HITPOINT WARNING * * *
The seven-headed hydra barely misses you.
The seven-headed hydra bites you!
You die...

##.###..........
##..##.....###..#
##.#.##..P.## ###.
##.>.†.......# ##
#.....##...#.#
#P..##.#..#F.#
#P...##...#..#
##..###....P.##
#@.###.......#
#D§.##..F##.##
##.†.###<##P.##
#....##..##...#
#P..####..##.##
##...###..#..#
##...........##
#P...P.##P....#
#...########.######


You could see a seven-headed hydra.

Vanquished Creatures
  An ogre mage (Volcano)
  4 two-headed ogres (Volcano)
  A hell knight (Volcano)
  Pikel (D:4)
  A cyclops (D:7)
  2 black mambas (Lair:2)
  A guardian serpent (D:10)
  3 cane toads
  A gargoyle (D:10)
  A rime drake (Lair:2)
  A komodo dragon (Lair:2)
  Prince Ribbit (Lair:2)
  3 hippogriffs
  2 blink frogs (Lair:2)
  A vampire (D:9)
  A wyvern (Lair:2)
  12 yaks
  3 basilisks
  Edmund (D:4)
  6 water moccasins
  2 porcupines
  An ice beast (D:9)
  10 orc warriors
  2 black bears
  2 sky beasts
  2 phantoms
  6 ogres
  11 centaurs
  6 crocodiles
  3 big kobolds
  14 bullfrogs
  Blork the orc (D:4)
  5 scorpions
  A water moccasin skeleton (D:4)
  A killer bee (D:7)
  5 wights (D:9)
  3 howler monkeys
  2 centaur zombies
  A quasit (D:10)
  8 orc priests
  4 hounds
  2 iguanas
  14 orc wizards
  A centaur skeleton (D:4)
  10 worker ants
  Ijyb (D:4)
  2 hound zombies
  A hound skeleton (D:9)
  3 howler monkey zombies
  7 adders
  2 shadow imps
  A white imp (D:8)
  An ufetubus (D:9)
  An ooze (D:3)
  2 adder skeletons (D:5)
  4 worms
  2 dart slugs
  8 leopard geckos
  58 orcs
  8 giant cockroaches
  8 goblins
  9 hobgoblins
  13 jackals
  26 kobolds
  4 quokkas
  A ball python (D:7)
  6 bats
  4 frilled lizards
  2 jackal skeletons (D:4)
  2 leopard gecko skeletons
  A quokka skeleton (D:6)
  A quokka zombie (D:5)
  10 rats
352 creatures vanquished.

Vanquished Creatures (others)
  2 two-headed ogres (Volcano)
  28 fulminant prisms
  7 fungi
  11 plants
48 creatures vanquished.

Grand Total: 400 creatures vanquished

Notes
Turn   | Place    | Note
-------+----------+-------------------------------------------
     0 | D:1      | Hastur the Draconian Conjurer began the quest for the Orb.
     0 | D:1      | Reached XP level 1. HP: 14/14 MP: 3/3
   214 | D:1      | Found a snail-covered altar of Cheibriados.
   281 | D:1      | Reached XP level 2. HP: 16/22 MP: 0/5
   358 | D:1      | Reached skill level 1 in Fighting
   782 | D:1      | Reached XP level 3. HP: 28/28 MP: 0/6
  1605 | D:2      | Found a snail-covered altar of Cheibriados.
  1688 | D:2      | Found a stormy altar of Qazlal.
  1768 | D:2      | Reached skill level 2 in Fighting
  2106 | D:3      | Learned a level 2 spell: Searing Ray
  2234 | D:3      | Noticed a sky beast
  2257 | D:3      | Killed a sky beast
  2257 | D:3      | Reached XP level 4. HP: 19/37 MP: 2/8
  2257 | D:3      | Reached XP level 5. HP: 23/44 MP: 2/9
  2430 | D:3      | Reached skill level 5 in Conjurations
  2906 | D:3      | Reached skill level 3 in Fighting
  3026 | D:3      | Found a glowing silver altar of Zin.
  3135 | D:3      | Found a blossoming altar of Fedhas.
  3374 | D:3      | Found the +3 robe of Folly {Archmagi, MR-- Int+5}
  3542 | D:4      | Noticed Pikel
  3543 | D:4      | Noticed a lemure
  3545 | D:4      | Noticed a lemure
  4008 | D:4      | Got a smoking war axe
  4269 | D:4      | Noticed Edmund
  4282 | D:4      | Noticed an ogre
  4299 | D:4      | Killed an ogre
  4299 | D:4      | Reached XP level 6. HP: 41/52 MP: 3/11
  4313 | D:4      | Killed Edmund
  4313 | D:4      | Reached skill level 4 in Fighting
  4597 | D:4      | Noticed Ijyb
  4610 | D:4      | Killed Ijyb
  4610 | D:4      | Your scales start taking on a glossy black colour.
  4610 | D:4      | Reached XP level 7. HP: 39/60 MP: 9/13
  4610 | D:4      | Gained mutation: You are resistant to electric shocks.
                  | (rElec) [Black Draconian growth]
  4683 | D:4      | Killed Pikel
  4683 | D:4      | Reached skill level 5 in Fighting
  4683 | D:4      | Reached skill level 5 in Spellcasting
  4812 | D:4      | Reached XP level 8. HP: 70/70 MP: 8/15
  4947 | D:4      | Learned a level 4 spell: Iskenderun's Mystic Blast
  5024 | D:4      | Noticed Blork the orc
  5031 | D:4      | Killed Blork the orc
  5031 | D:4      | Reached skill level 6 in Fighting
  5100 | D:4      | Found a shimmering blue altar of Sif Muna.
  5146 | D:4      | You fall into a shaft and drop 2 floors!
  5163 | D:6      | Reached skill level 1 in Translocations
  5522 | D:5      | Entered Level 5 of the Dungeon
  5793 | D:4      | Became a worshipper of Sif Muna the Loreminder
  6169 | D:5      | Found a bloodstained altar of Trog.
  6395 | D:5      | Reached * piety under Sif Muna
  6691 | D:5      | Reached skill level 7 in Fighting
  6733 | D:5      | Found an ancient bone altar of Kikubaaqudgha.
  6735 | D:5      | Found a hide-covered altar of Uskayaw.
  6735 | D:5      | Found a glowing silver altar of Zin.
  6737 | D:5      | Found a shimmering altar of Xom.
  6737 | D:5      | Found a shimmering altar of Xom.
  6737 | D:5      | Found a glowing golden altar of the Shining One.
  7184 | D:6      | Found a burning altar of Makhleb.
  7495 | D:6      | Reached XP level 9. HP: 79/79 MP: 13/16
  8157 | D:7      | Identified the +6 war axe "Xoquximn" {freeze, Int+5} (You
                  | found it on level 4 of the Dungeon)
  8215 | D:7      | Found a shadowy altar of Dithmenos.
  8350 | D:7      | Found a staircase to the Ecumenical Temple.
  8374 | Temple   | Entered the Ecumenical Temple
  8731 | D:7      | Reached skill level 8 in Fighting
  9042 | D:7      | Found a hazy altar of Hepliaklqana.
  9058 | D:7      | Reached ** piety under Sif Muna
  9331 | D:7      | Reached skill level 5 in Translocations
  9439 | D:7      | Learned a level 4 spell: Fulminant Prism
  9624 | D:8      | Found the +9 staff of Olgreb {rPois∞}
  9628 | D:8      | Reached skill level 1 in Hexes
  9702 | D:8      | Found a runed translucent door.
  9709 | D:8      | Found a runed translucent gate.
  9709 | D:8      | Found a runed translucent gate.
  9710 | D:8      | Found a runed translucent door.
  9729 | D:8      | Found a runed translucent gate.
  9821 | D:8      | Noticed a cyclops
  9832 | D:7      | Reached skill level 1 in Shields
  9931 | D:7      | Reached skill level 9 in Fighting
 10019 | D:7      | Killed a cyclops
 10148 | D:8      | Reached XP level 10. HP: 35/91 MP: 6/17
 10677 | D:8      | Found an ancient bone altar of Kikubaaqudgha.
 11004 | D:8      | Found a shattered altar of Ashenzari.
 11445 | D:9      | Found a staircase to the Lair.
 12130 | D:8      | Reached *** piety under Sif Muna
 12377 | D:9      | Reached skill level 10 in Fighting
 13325 | D:9      | Reached skill level 5 in Hexes
 13601 | D:9      | Reached skill level 11 in Fighting
 13748 | D:9      | Found a staircase to the Orcish Mines.
 13841 | D:9      | Found a glowing golden altar of the Shining One.
 14168 | D:9      | Reached skill level 1 in Invocations
 14494 | D:10     | Entered Level 10 of the Dungeon
 14549 | D:10     | Reached **** piety under Sif Muna
 14949 | D:10     | Noticed a guardian serpent
 14955 | D:10     | Killed a guardian serpent
 14955 | D:10     | Reached XP level 11. HP: 97/102 MP: 12/19
 15269 | D:10     | You fall into a shaft and drop 2 floors!
 15274 | D:12     | Found Issij's Magic Scroll Boutique.
 16095 | Lair:1   | Entered Level 1 of the Lair of Beasts
 17404 | Lair:1   | Reached skill level 12 in Fighting
 17512 | Lair:2   | Found a dark tunnel.
 17517 | Volcano  | Entered a volcano
 17543 | Volcano  | Noticed an ogre mage
 17681 | Volcano  | Noticed a two-headed ogre
 17703 | Volcano  | Killed a two-headed ogre
 17703 | Volcano  | Reached skill level 5 in Invocations
 17760 | Volcano  | Killed a two-headed ogre
 17760 | Volcano  | Killed a two-headed ogre
 17806 | Volcano  | Noticed a two-headed ogre
 17808 | Volcano  | Noticed a two-headed ogre
 17819 | Volcano  | Killed a two-headed ogre
 17822 | Volcano  | Killed a two-headed ogre
 17832 | Volcano  | Noticed a hell knight
 17844 | Volcano  | Killed a hell knight
 17844 | Volcano  | Reached skill level 10 in Conjurations
 17860 | Volcano  | Noticed a two-headed ogre
 17887 | Volcano  | Killed a two-headed ogre
 17994 | Volcano  | Killed an ogre mage
 18186 | Volcano  | Found a radiant altar of Vehumet.
 18296 | Lair:2   | Reached XP level 12. HP: 95/112 MP: 10/23
 19270 | Lair:3   | Noticed Prince Ribbit
 19335 | Lair:3   | Noticed an eight-headed hydra
 19407 | Lair:3   | Noticed a seven-headed hydra
 19499 | Lair:2   | Killed Prince Ribbit
 19590 | Lair:2   | Slain by a seven-headed hydra

Illustrated notes

Levels and vault maps discovered:
D:1:      saegor_arrival_under_anarchy, layout_basic, minmay_tree_intersection,
          cheibriados_altar_1
D:2:      layout_rooms, nicolae_overflow_hidden_temple,
          lemuel_coloured_pillars_altar, kennysheep_nub
D:3:      minmay_octagon_keep, layout_basic, lemuel_round_altar, zin_scriptorium
D:4:      layout_basic, tgw_sif, uniq_edmund, uniq_pikel, uniq_ijyb
D:5:      layout_basic, basic_altar, doesnt_xom_only_xom
D:6:      layout_loops_ring, basic_altar
D:7:      layout_basic, kennysheep_mini, grunt_dithmenos_shadows,
          minmay_temple_entry_tees
D:8:      minmay_ornate_pinched, layout_loops_ring, cheibrodos_ashenzari_chains,
          old_standard_altar, minmay_guarded_unrand_staff_of_olgreb
D:9:      layout_stronghold, overflow_temple_1_default, lair_entry_dummy,
          david_orc_4
D:10:     layout_basic, nrook_guardian_serpent_ordinary
D:11:     layout_roguey, tso_metal_star
D:12:     layout_loops_ring, serial_shops, shop, kennysheep_little_box,
          basic_altar, uniq_josephine
Temple:   minmay_temple_bridge_abc
Lair:1:   layout_chaotic_city
Lair:2:   layout_loops_ring, enter_volcano_4
Lair:3:   layout_regular_city, minmay_snake_entry_spellcaster,
          infiniplex_staircase_pool, serial_bayou_shore_b, grunt_megastairs_2,
          uniq_urug, uniq_prince_ribbit2

Skill      XL: |  1  2  3  4  5  6  7  8  9 10 11 12 |
---------------+-------------------------------------+-----
Fighting       | 1 2 3 4 5 7 9 11 12 | 12.0
Spellcasting   | 3 4 5 7 8 |  8.5
Conjurations   | 5 6 8 9 10 | 10.0
Translocations | 3 5 |  5.0
Hexes          | 2 5 |  5.0
Shields        | 2 4 |  4.0
Invocations    | 2 6 8 |  8.1
Dodging        | |  1.7
Stealth        | |  1.7

Action                   |  1- 3 |  4- 6 |  7- 9 | 10-12 || total
-------------------------+-------+-------+-------+-------++-------
Melee: Unarmed           |    10 |       |       |       ||    10
       Dagger            |    29 |    37 |    87 |   162 ||   315
       Short sword       |     4 |       |       |    82 ||    86
       Tailslap          |     2 |     1 |     9 |    24 ||    36
       War axe           |       |       |     4 |       ||     4
 Cast: Magic Dart        |   101 |    84 |   310 |   339 ||   834
       Searing Ray       |       |     4 |    12 |    18 ||    34
       Iskenderun's Myst |       |       |     8 |    53 ||    61
       Fulminant Prism   |       |       |       |    28 ||    28
Invok: Channel Magic     |       |       |       |     1 ||     1
 Abil: Breathe Lightning |       |       |     1 |     5 ||     6
Evoke: Wand              |       |       |       |     4 ||     4
  Use: Scroll            |       |       |    10 |    10 ||    20
       Potion            |       |       |       |     1 ||     1
 Stab: Paralysed         |       |       |       |     6 ||     6
Armor: Skin              |    26 |    16 |    36 |   163 ||   241
Dodge: Dodged            |    40 |    39 |   116 |   282 ||   477
Block: Buckler           |       |       |       |    33 ||    33

Table legend: (Time is in decaauts)
 A = Elapsed time spent in this place.
 B = Non-inter-level travel time spent in this place.
 C = Inter-level travel time spent in this place.
 D = Time resting spent in this place.
 E = Time spent auto-exploring this place.
 F = Levels seen in this place.
 G = Mean time per level.
                   A        B        C        D        E       F      G
               +--------+--------+--------+--------+--------+-----+--------+
         Total |  19650 |  18830 |    820 |   6074 |   8838 |  17 | 1155.9 |
       Dungeon |  16074 |  15422 |    652 |   5059 |   7330 |  12 | 1339.5 |
        Temple |    194 |    172 |     22 |      0 |    171 |   1 |  194.0 |
          Lair |   2635 |   2490 |    145 |    561 |   1337 |   3 |  878.3 |
       Volcano |    745 |    745 |      0 |    454 |      0 |   1 |  745.0 |
               +--------+--------+--------+--------+--------+-----+--------+

Top non-repeatable levels by time:
     D:9: 2969 daAuts
     D:3: 2066 daAuts
     D:8: 1990 daAuts
     D:7: 1656 daAuts
     D:4: 1553 daAuts
  Lair:1: 1438 daAuts
     D:5: 1358 daAuts
  Lair:2: 1183 daAuts
     D:6: 1109 daAuts
     D:1: 1106 daAuts
    D:10: 1056 daAuts
     D:2: 768 daAuts
 Volcano: 745 daAuts
    D:11: 228 daAuts
    D:12: 209 daAuts
